 Dungeon Crawl Stone Soup version 0.28-a0-793-g31680bbd8b (webtiles) character file.

Game seed: 17977599639496430216

351 Glokmah the Firebug (level 6, 0/35 HPs)
             Began as a Kobold Fire Elementalist on Nov 5, 2021.
             Was an Initiate of the Shining One.
             Slain by a water moccasin (9 damage)
             ... on level 4 of the Dungeon.
             The game lasted 00:12:03 (5012 turns).

Glokmah the Firebug (Kobold Fire Elementalist)      Turns: 5012, Time: 00:12:04

Health: 0/35       AC:  2    Str:  6    XL:     6   Next: 93%
Magic:  0/10       EV: 15    Int: 18    God:    the Shining One [......]
Gold:   131        SH:  0    Dex: 15    Spells: 1/11 levels left

rFire   + . .      SeeInvis .   b - staff of conjuration
rCold   x . .      Faith    .   (shield currently unavailable)
rNeg    . . .      Spirit   .   a - +0 robe
rPois   .          Reflect  .   (no helmet)
rElec   .          Harm     .   (no cloak)
rCorr   .          Rampage  .   (no gloves)
Will    .....                   (no boots)
Stlth   ++........              (no amulet)
HPRegen 0.11/turn               f - ring of fire
MPRegen 0.12/turn               (no ring)

@: very slightly contaminated, glowing
A: small, no large weapons, nightstalker 3
a: Renounce Religion


You were on level 4 of the Dungeon.
You worshipped the Shining One.
The Shining One was noncommittal.
You visited 1 branch of the dungeon, and saw 4 of its levels.

You collected 131 gold pieces.

Inventory:

Armour
 a - a +0 robe (worn)
 k - a +2 buckler
Magical Staves
 b - a staff of conjuration (weapon)
Jewellery
 f - a ring of fire (left hand)
Wands
 o - a wand of mindburst (14)
 p - a wand of acid (10)
Scrolls
 c - 2 scrolls of holy word {unknown}
 e - a scroll of immolation {unknown}
 h - a scroll of silence {unknown}
 i - 4 scrolls of teleportation {unknown}
 j - a scroll of amnesia {unknown}
 l - 2 scrolls of identify {unknown}
 r - a scroll of enchant weapon {unknown}
Potions
 d - a potion of brilliance {unknown}
 g - a potion of cancellation {unknown}
 m - 3 potions of curing {unknown}
 n - a potion of haste {unknown}
 q - a potion of might {unknown}


   Skills:
 + Level 2.1 Fighting
 + Level 3.6 Dodging
 - Level 2.6 Stealth
 + Level 0.6 Shields
 + Level 3.0 Spellcasting
 * Level 3.2 Conjurations
 * Level 1.5 Hexes
 * Level 4.4 Fire Magic


You had one spell level left.
You knew the following spells:

 Your Spells              Type           Power      Damage    Failure   Level
a - Foxfire               Conj/Fire      100%       2x1d9     3%          1
b - Scorch                Fire           56%        2d8       4%          2
c - Inner Flame           Hex/Fire       20%        N/A       14%         3
d - Flame Wave            Conj/Fire      37%        3d8       32%         4

Your spell library contained the following spells:

 Spells                   Type           Power      Damage    Failure   Level
 Sandblast                Erth           4%         2d4       16%         1
 Conjure Flame            Conj/Fire      37%        6-21      10%         3
 Passwall                 Tmut/Erth      1%         N/A       24%         2
 Stone Arrow              Conj/Erth      26%        3d8       26%         3
 Tukima's Dance           Hex            8%         N/A       26%         3
 Passage of Golubria      Tloc           2%         N/A       85%         4
 Yara's Violent Unravell  Hex/Tmut       2%         3d3       97%         5


Dungeon Overview and Level Annotations

Branches:
Dungeon (4/15)
 Temple: D:4-7

Altars:
Uskayaw
Wu Jian
The Shining One


Innate Abilities, Weirdness & Mutations

You are small and have problems with some larger weapons.
You are completely attuned to the shadows.


Message History

The orc wizard barely misses you.
A wave of flame ripples out!
The flame wave engulfs the orc priest.
The orc priest is moderately wounded.
The flame wave engulfs the hound skeleton!!
The hound skeleton is almost destroyed.
The flame wave engulfs the ball python!
You kill the ball python!
The flame wave engulfs the orc wizard!
You kill the orc wizard!
The flame wave engulfs the orc!
You kill the orc!
The flame wave engulfs the orc!!
You kill the orc!
The hound skeleton bites you. The orc priest hits you with a +0 club.
A wave of flame ripples out!
The flame wave engulfs the orc priest.
The orc priest is severely wounded.
The flame wave engulfs the hound skeleton!!
You destroy the hound skeleton!
The Shining One accepts your kill.
The flame wave engulfs the water moccasin!
The water moccasin is moderately wounded.
You finish channelling waves of flame.
The water moccasin closely misses you. The orc priest barely misses you.
Casting: Flame Wave (extremely dangerous; 32% risk of failure)
Confirm with . or Enter, or press ? or * to list all spells.
The spell is extremely dangerous to cast (32% risk of failure)!
Continue anyway?
Casting: Flame Wave (extremely dangerous; 32% risk of failure)
Press: ? - help, Dir - look around, f - activate You feel a strong surge of power!
You miscast Flame Wave.
You are very lightly contaminated with residual magic.
Strange energies run through your body! The water moccasin bites you.
The orc priest calls down the wrath of Beogh upon you.
Pain shoots through your body!
* * * LOW HITPOINT WARNING * * *
Okay, then.
Aiming: Mindburst
Press: ? - help, Shift-Dir - straight line, f - water moccasin
Aim: a water moccasin (moderately wounded, chance to affect: 65%)
The water moccasin's mind is blasted!
The water moccasin bites you!
You die...

#.......#
#.......#
#.))....#
...oS...#
....@...#
........#
........#
........#
#########


You could see a water moccasin and an orc priest.

Vanquished Creatures
  A phantom (D:3)
  2 jellies (D:2)
  Jessica (D:3)
  An orc wizard (D:4)
  A hound skeleton (D:4)
  A gnoll (D:3)
  4 adders
  A white imp (D:3)
  A worm (D:2)
  3 orcs
  13 endoplasms
  3 giant cockroaches (D:1)
  4 goblins
  8 hobgoblins
  3 jackals (D:3)
  14 kobolds
  3 quokkas
  6 ball pythons
  A bat (D:1)
  3 frilled lizards
  6 rats
80 creatures vanquished.

Vanquished Creatures (others)
  156 foxfires
  6 fungi (D:2)
  10 toadstools (D:2)
172 creatures vanquished.

Grand Total: 252 creatures vanquished

Notes
Turn   | Place    | Note
-------+----------+-------------------------------------------
     0 | D:1      | Glokmah the Kobold Fire Elementalist began the quest for
                  | the Orb.
     0 | D:1      | Reached XP level 1. HP: 10/10 MP: 3/3
   187 | D:1      | Found a faded altar of an unknown god.
   347 | D:1      | Reached XP level 2. HP: 15/15 MP: 1/5
  1142 | D:1      | Learned a level 2 spell: Scorch
  1188 | D:1      | Reached XP level 3. HP: 20/20 MP: 1/6
  1895 | D:1      | Learned a level 3 spell: Inner Flame
  2496 | D:2      | Reached skill level 1 in Fighting
  2496 | D:2      | Reached XP level 4. HP: 25/25 MP: 3/7
  2938 | D:2      | HP: 1/25 [spore (24)]
  2939 | D:2      | Reached XP level 5. HP: 1/29 MP: 0/8
  3155 | D:2      | Reached skill level 4 in Fire Magic
  3942 | D:3      | Noticed Jessica
  3944 | D:3      | Killed Jessica
  4046 | D:3      | Noticed a phantom
  4053 | D:3      | Reached XP level 6. HP: 28/35 MP: 5/10
  4057 | D:3      | Reached skill level 1 in Hexes
  4231 | D:3      | Found a glowing golden altar of the Shining One.
  4277 | D:3      | Became a worshipper of the Shining One
  4409 | D:3      | Found an ornate altar of the Wu Jian Council.
  4606 | D:3      | Noticed a +0 dagger
  4607 | D:3      | Found a hide-covered altar of Uskayaw.
  4607 | D:3      | Noticed a +0 dagger
  4991 | D:3      | Learned a level 4 spell: Flame Wave
  5007 | D:4      | Noticed a water moccasin
  5012 | D:4      | Slain by a water moccasin

Illustrated notes

Levels and vault maps discovered:
D:1:      dpeg_arrival_rooms_b, layout_loops_corners,
          ebering_ecumenical_altar_petrified
D:2:      cheibrodos_fertilizer, layout_basic
D:3:      layout_loops_cross, mainiacjoe_overflow_24_doors,
          mainiacjoe_overflow_chevrons, dancing_weapons_uskayaw,
          minmay_fractal_squares_diagonal_5, uniq_jessica
D:4:      layout_rooms, nicolae_specific_store

Skill      XL: |  1  2  3  4  5  6 |
---------------+-------------------+-----
Conjurations   | 2 3 |  3.2
Fighting       | 1 2 |  2.1
Dodging        | 3 |  3.6
Fire Magic     | 4 |  4.4
Spellcasting   | 3 |  3.0
Hexes          | 1 |  1.5
Stealth        | |  2.6
Shields        | |  0.6

Action                   |  1- 3 |  4- 6 || total
-------------------------+-------+-------++-------
Melee: Staff             |     5 |    14 ||    19
 Cast: Foxfire           |    53 |    39 ||    92
       Scorch            |    15 |    28 ||    43
       Inner Flame       |       |     2 ||     2
       Flame Wave        |       |     1 ||     1
Evoke: Wand              |       |     1 ||     1
Armor: Robe              |     2 |     2 ||     4
Dodge: Dodged            |    20 |    19 ||    39

Table legend: (Time is in decaauts)
 A = Elapsed time spent in this place.
 B = Non-inter-level travel time spent in this place.
 C = Inter-level travel time spent in this place.
 D = Time resting spent in this place.
 E = Time spent auto-exploring this place.
 F = Levels seen in this place.
 G = Mean time per level.
                   A        B        C        D        E       F      G
               +--------+--------+--------+--------+--------+-----+--------+
         Total |   5018 |   4828 |    190 |    348 |   3789 |   4 | 1254.5 |
       Dungeon |   5018 |   4828 |    190 |    348 |   3789 |   4 | 1254.5 |
               +--------+--------+--------+--------+--------+-----+--------+

Top non-repeatable levels by time:
     D:1: 1980 daAuts
     D:2: 1871 daAuts
     D:3: 1162 daAuts
     D:4: 4 daAuts
